cohdb
Replays
Latest Replays
All Replays
Popular Replays
Top Player Replays
Match Explorer
How It Works
Community
CoH3 Stats
Reddit
Sign in to upload your games and track your stats! →
Sign in with Steam
Match 44628978
Unlisted
Match 44628978
Overview
Messages
Build Orders
End
Construct Infanterie Kompanie
Selects Italian Coastal Battlegroup
Selects Coastal Reserves
Coastal Reserve
MG 42 Machine Gun Team
Coastal Reserve
MG 42 Bunker
Construct Panzergrenadier Kompanie
Selects Artillery Officer
Medical Bunker
Artillery Officer
Coastal Reserve
Coastal Reserve
Selects Designate Defensive Line
Designate Defensive Line
Pak 40 Anti-tank Gun Team
Selects Designated Artillery Overwatch
Support Elements
Designated Artillery Overwatch
StuG III G Assault Gun
Nebelwerfer 42 Rocket Launcher Team
Selects Call the Reserves!
StuG III G Assault Gun
Coastal Reserve
Construct Panzer Kompanie
Selects Coastal Wall
Repair Bunker
Designated Artillery Overwatch
Panzer IV Medium Tank
Side Skirts
MG 42 Bunker
STARSHOPPING
क्राटोस, युद्धका देवता
东八区的司机
Bran
DrewP
Dillbro
0
0
Comments
sign in to comment!
No comments posted yet!